 Dungeon Crawl Stone Soup version 0.28.0-53-g5a82cb258f (webtiles) character file.

Game seed: 13878812771719118632

122 Sin92 the Skirmisher (level 4, -10/35 HPs)
             Began as a Demonspawn Fighter on July 14, 2022.
             Killed by divine providence
             ... invoked by an orc priest
              (14 damage)
             ... on level 3 of the Dungeon.
             The game lasted 00:03:43 (2691 turns).

Sin92 the Skirmisher (Demonspawn Fighter)           Turns: 2691, Time: 00:03:44

Health: -10/35     AC: 10    Str: 16    XL:     4   Next: 78%
Magic:  4/4        EV:  9    Int: 10    God:
Gold:   97         SH:  5    Dex: 14    Spells: 3/3 levels left

rFire   . . .      SeeInvis .   a - +0 long sword
rCold   . . .      Faith    .   c - +0 buckler
rNeg    . . .      Spirit   .   b - +2 scale mail
rPois   .          Reflect  .   (helmet restricted)
rElec   .          Harm     .   (no cloak)
rCorr   .          Rampage  .   (no gloves)
Will    .....                   (no boots)
Stlth   ..........              (no amulet)
HPRegen 0.11/turn               (no ring)
MPRegen 0.09/turn               (no ring)

@: no status effects
A: horns 1, thin metallic scales 1, powered by pain 1
a: no special abilities


You were on level 3 of the Dungeon.
You visited 1 branch of the dungeon, and saw 3 of its levels.

You collected 97 gold pieces.

Inventory:

Hand Weapons
 a - a +0 long sword (weapon)
Armour
 b - a +2 scale mail (worn)
 c - a +0 buckler (worn)
Jewellery
 f - a ring of flight
Potions
 d - a potion of curing
 g - 2 potions of flight
 k - 2 potions of attraction {unknown}


   Skills:
 + Level 3.5 Fighting
 * Level 2.9 Long Blades
 + Level 3.0 Armour
 + Level 1.4 Dodging
 + Level 1.2 Stealth
 + Level 3.0 Shields


You had 3 spell levels left.
You didn't know any spells.
Your spell library contained the following spells:

 Spells                   Type           Power      Damage    Failure   Level
 Shock                    Conj/Air       0%         1d3       87%         1
 Swiftness                Air            0%         N/A       99%         3
 Airstrike                Air            0%         N/A       100%        4


Dungeon Overview and Level Annotations

Branches:
Dungeon (3/15)

Altars:
Kikubaaqudgha

Shops:
D:1 =   D:3 [

Annotations:
D:3 Grinder


Innate Abilities, Weirdness & Mutations

You have a pair of small horns on your head.
You are partially covered in thin metallic scales. (AC +2)
You sometimes gain a little power by taking damage.


Message History

The gnoll hits you but does no damage. Space warps horribly around you!!
Ouch! That really hurt!
* * * LOW HITPOINT WARNING * * *
The gnoll hits you from afar with a +0 spear.
* * * LOW HITPOINT WARNING * * *
You hit the gnoll.
The gnoll is almost dead.
The gnoll barely misses you. x2
You hit the gnoll.
You kill the gnoll!
The gnoll hits you but does no damage.
The gnoll hits you from afar with a +0 spear.
* * * LOW HITPOINT WARNING * * *
Unknown command.
It was a potion of curing.
You feel better.
The orc priest hits you with a +0 vorpal flail.
* * * LOW HITPOINT WARNING * * *
x2 The gnoll hits you from afar with a +0 spear.
* * * LOW HITPOINT WARNING * * *
Unknown command.
You barely miss the orc priest. The orc priest closely misses you.
The gnoll barely misses you. The orc priest closely misses you.
You hit the orc priest but do no damage.
The gnoll hits you from afar with a +0 spear.
* * * LOW HITPOINT WARNING * * *
You block the orc priest's attack.
Unknown command.
You hit the orc priest.
The orc priest is lightly wounded.
The gnoll hits you but does no damage. The orc priest barely misses you.
You hit the orc priest.
The orc priest is moderately wounded.
The orc priest looks encouraged for a moment.
You closely miss the orc priest.
The orc priest is moderately wounded.
The orc priest barely misses you.
A quokka comes into view.
The orc priest mumbles some strange prayers to Beogh against you.
Beogh smites you!
You die...

#.....# # #.....# #
#.....# # #.....### #
#.......####### #
#####.##..†..#.....# #
.....r##.....#.#.#.##
+
.r...ooo.....>......#
#
.#.##g##@....#.#.#.###
# .. #.....#.......#
#. #.....###.#...# ..
##.....###.###.# ##
#...........<..####
+.................#
#.........####.####
#..............#
#..........#####


You could see an orc priest, 2 orcs, a quokka (wandering) and a rat.

Vanquished Creatures
  Robin (D:2)
  2 gnolls (D:3)
  3 adders
  A worm (D:2)
  A dart slug (D:1)
  An orc (D:3)
  3 endoplasms
  3 giant cockroaches (D:2)
  10 goblins
  7 hobgoblins
  3 jackals (D:2)
  4 kobolds
  2 quokkas
  6 ball pythons
  5 bats
  A frilled lizard (D:1)
  5 rats
58 creatures vanquished.

Notes
Turn   | Place    | Note
-------+----------+-------------------------------------------
     0 | D:1      | Sin92 the Demonspawn Fighter began the quest for the Orb.
     0 | D:1      | Reached XP level 1. HP: 18/18 MP: 1/1
   200 | D:1      | Found Gupuorod's Jewellery Shop.
   236 | D:1      | Gained mutation: You are partially covered in thin metallic
                  | scales. (AC +2) [demonic ancestry]
   236 | D:1      | Reached XP level 2. HP: 11/24 MP: 2/2
   678 | D:1      | Found a faded altar of an unknown god.
  1142 | D:2      | Gained mutation: You have a pair of small horns on your
                  | head. [demonic ancestry]
  1142 | D:2      | Reached XP level 3. HP: 27/29 MP: 3/3
  1442 | D:2      | Reached skill level 1 in Dodging
  1442 | D:2      | Reached skill level 1 in Stealth
  1701 | D:2      | Noticed Robin
  1718 | D:2      | Gained mutation: You sometimes gain a little power by
                  | taking damage. [demonic ancestry]
  1718 | D:2      | Reached XP level 4. HP: 13/35 MP: 4/4
  1718 | D:2      | Killed Robin
  2114 | D:2      | Found an ancient bone altar of Kikubaaqudgha.
  2184 | D:3      | Found Ubrut's Antique Armour Emporium.
  2339 | D:3      | Noticed Grinder
  2691 | D:3      | Killed from afar by an orc priest

Illustrated notes

Levels and vault maps discovered:
D:1:      scummos_arrival_simple_fountains, layout_basic, serial_shops,
          nicolae_shop_waterfront, shapermc_ecumenical_altar_notcrosses,
          minivault_23
D:2:      layout_loops_ring, basic_altar, minivault_25, columned_hall_lemuel,
          uniq_robin
D:3:      layout_basic, serial_shops, nicolae_shop_trees, uniq_grinder

Skill      XL: |  1  2  3  4 |
---------------+-------------+-----
Long Blades    | 2 |  2.9
Dodging        | 1 |  1.4
Stealth        | 1 |  1.2
Armour         | 3 |  3.0
Shields        | 3 |  3.0
Fighting       | |  3.5

Action                   |  1- 3 |  4- 6 || total
-------------------------+-------+-------++-------
Melee: Long sword        |   106 |    39 ||   145
       Headbutt          |     8 |     5 ||    13
  Use: Potion            |     1 |     2 ||     3
       Scroll            |       |     6 ||     6
Armor: Scale mail        |    57 |    29 ||    86
Dodge: Dodged            |    50 |    29 ||    79
Block: Buckler           |    30 |     6 ||    36
